 Dungeon Crawl Stone Soup version 0.29-a0-362-g5854e031c7 (webtiles) character file.

Game seed: 9422674386295411394

2949 Shayle the Covert (level 9, -3/56 HPs)
             Began as a Tengu Brigand on Apr 29, 2022.
             Was an Initiate of Ashenzari.
             Slain by a vampire (7 damage)
             ... on level 9 of the Dungeon.
             The game lasted 00:33:48 (8798 turns).

Shayle the Covert (Tengu Brigand)                   Turns: 8798, Time: 00:33:48

Health: -3/56      AC:  8    Str: 11    XL:     9   Next: 81%
Magic:  18/18      EV: 16    Int: 15    God:    Ashenzari [......]
Gold:   297        SH:  0    Dex: 17    Spells: 19/19 levels left

rFire   . . .      SeeInvis .   I - +4 dagger (elec)
rCold   . . .      Faith    .   (no shield)
rNeg    . . .      Spirit   .   g - +0 ring mail
rPois   .          Reflect  .   (helmet restricted)
rElec   .          Harm     .   c - +2 cloak of the Cosmic Augur {Fort, Alch} (curse)
rCorr   .          Rampage  .   (no gloves)
Will    .....                   (boots unavailable)
Stlth   +.........              C - amulet of the acrobat
HPRegen 0.18/turn               n - ring of wizardry
MPRegen 0.16/turn               (no ring)

@: confused, flying quickly and evasively, quick
A: beak, talons 3, nimble flight
a: Renounce Religion, Shatter the Chains


You were on level 9 of the Dungeon.
You worshipped Ashenzari.
Ashenzari was noncommittal.
You visited 2 branches of the dungeon, and saw 10 of its levels.

You collected 297 gold pieces.

Inventory:

Hand Weapons
 f - a +2 hand axe of draining
 j - a +2 short sword of flaming
 y - a +1 spear of flaming
 G - a +3 dagger of venom
 I - a +4 dagger of electrocution (weapon)
Missiles
 d - 10 poisoned darts (quivered)
 J - a curare-tipped dart
Armour
 b - a +0 robe
 c - the cursed +2 cloak of the Cosmic Augur (worn) {Fort, Alch}

   It has a curse which improves the following skills: Fortitude: Armour and
   Shields.
   Alchemy:   Poison Magic and Transmutations.
 g - a +0 ring mail (worn)
Jewellery
 n - a ring of wizardry (left hand)
 C - an amulet of the acrobat (around neck)
 E - a ring of ice
Wands
 x - a wand of flame (3)
 F - a wand of polymorph (18)
Scrolls
 a - a scroll of holy word {unknown}
 e - a scroll of noise
 h - a scroll of summoning
 l - a scroll of immolation {unknown}
 o - a scroll of fog
 r - a scroll of acquirement {unknown}
 t - a scroll of teleportation
 v - a scroll of blinking {unknown}
 w - a scroll of enchant weapon {unknown}
 D - a scroll of amnesia {unknown}
 H - a scroll of torment {unknown}
Potions
 i - a potion of degeneration {unknown}
 k - 2 potions of resistance {unknown}
 m - 2 potions of might {unknown}
 p - 4 potions of curing
 q - 2 potions of heal wounds {unknown}
 s - a potion of attraction
 u - 3 potions of flight
 z - a potion of lignification {unknown}
 A - 2 potions of haste {unknown}
 B - 4 potions of brilliance
 K - a potion of magic {unknown}


   Skills:
 + Level 6.7 Fighting
 - Level 2.1 Short Blades
 - Level 2.0 Throwing
 + Level 1.3(1.6) Armour
 - Level 7.0 Dodging
 + Level 8.2 Stealth
 + Level 5.8 Spellcasting
 + Level 0.9(1.2) Transmutations
 + Level 1.3(1.7) Poison Magic


You had 19 spell levels left.
You didn't know any spells.
Your spell library contained the following spells:

 Spells                   Type           Power      Damage    Failure   Level
 Wereblood                Tmut           7%         N/A       13%         2
 Sublimation of Blood     Necr           4%         N/A       21%         2
 Dazzling Flash           Conj/Hex       8%         N/A       38%         3
 Agony                    Necr           4%         N/A       98%         5
 Silence                  Hex/Air        2%         N/A       98%         5
 Summon Hydra             Summ           2%         N/A       100%        7


Dungeon Overview and Level Annotations

Branches:
Dungeon (10/15)            Temple (1/1) D:4
   Lair: D:8-11         Orc: D:9-12

Altars:
Ashenzari
Dithmenos
Elyvilon
Fedhas
Gozag
Hepliaklqana
Kikubaaqudgha
Nemelex Xobeh
Okawaru
Ru
Sif Muna
Uskayaw
Vehumet
Wu Jian
Xom
Yredelemnul
Zin
The Shining One

Shops:
D:4 [   D:6 :

Portals:
Trove: D:10 (give +3 gold dragon scales)

Annotations:
D:2 exclusion: door
D:5 1 runed translucent door, domi's ghost, novice DsWz
D:10 Psyche


Innate Abilities, Weirdness & Mutations

You have a beak for a mouth.
You have claws for feet.
Your magical nature lets you fly swiftly and evasively.


Message History

You fly upwards.
There is a stone staircase leading down here.
The helpless wyvern fails to defend itself.
You spit the wyvern like a pig!!!
You kill the wyvern!
You see here a wyvern corpse.
Found a stone staircase leading down.
A vampire comes into view.
Found a scroll labelled PALO LIFOHOKHIXE.
Found a stone staircase leading up.
The vampire casts a spell.
The vampire flickers and vanishes!
Deactivating autopickup; reactivate with Ctrl-A.
There is a stone staircase leading up here.
You hit something but do no damage. Your kick misses something.
You peck something. You miss something. You claw something.
Your peck misses something. Something hits you but does no damage.
Something bites you!
Something draws strength from your injuries!
You closely miss something. Your kick misses something. You peck something.
You hear some strange, mumbled words.
You are confused.
You bump into the rock wall.
Something closely misses you. Something bites you.
Something draws strength from your injuries!
You're too confused to move!
Something closely misses you. Something bites you!
Something draws strength from your injuries!
You bump into the rock wall.
Something hits you but does no damage. Something bites you.
Something draws strength from your injuries!
You're too confused to move!
Something hits you. Something bites you but does no damage.
You miss something. Something hits you! Something bites you but does no damage.
You bump into the rock wall.
Something barely misses you. Something bites you!
* * * LOW HITPOINT WARNING * * *
Something draws strength from your injuries!
You closely miss something. Your kick misses something.
Your peck misses something. Something hits you!
* * * LOW HITPOINT WARNING * * *
Something bites you!
You die...

#####....#
##....># #.†#####
#.## .# #.# ..
###.# #. ##...#
#.####..#......#
#.?{@#.##.######
######.#.##.###
.................
#######.#...#####
......## #.###..#
.>. ##.. ..# ###
.##


There were no monsters in sight!

Vanquished Creatures
  A wraith (D:10)
  A wyvern (D:9)
  Eustachio (D:4)
  An acid dragon (D:10)
  An orc warrior (D:4)
  A black bear (D:4)
  An ice beast (D:5)
  2 ogres (D:4)
  A centaur (D:6)
  A phantom (D:6)
  Blork the orc (D:4)
  A kobold brigand (D:7)
  2 necrophages (D:5)
  A bullfrog (D:6)
  4 scorpions
  5 wights
  A howler monkey (D:4)
  A gnoll shaman (D:4)
  4 hounds
  A jelly (D:6)
  4 orc wizards (D:4)
  Ijyb (D:5)
  4 iguanas
  9 adders
  24 gnolls
  3 white imps
  2 ufetubi (D:5)
  2 dart slugs
  28 orcs
  4 endoplasms
  4 giant cockroaches
  8 goblins
  7 hobgoblins
  22 jackals
  4 quokkas
  3 ball pythons
  4 bats
  2 frilled lizards
  20 kobolds
  2 rats
189 creatures vanquished.

Vanquished Creatures (collateral kills)
  A scorpion (D:6)
1 creature vanquished.

Vanquished Creatures (others)
  11 plants
  8 toadstools (D:2)
19 creatures vanquished.

Grand Total: 209 creatures vanquished

Notes
Turn   | Place    | Note
-------+----------+-------------------------------------------
     0 | D:1      | Shayle the Tengu Brigand began the quest for the Orb.
     0 | D:1      | Reached XP level 1. HP: 12/12 MP: 2/2
   205 | D:1      | Reached XP level 2. HP: 17/17 MP: 3/3
   527 | D:1      | Reached XP level 3. HP: 11/22 MP: 5/5
   717 | D:1      | Reached skill level 1 in Spellcasting
  1328 | D:2      | Found a faded altar of an unknown god.
  1606 | D:2      | Reached XP level 4. HP: 24/27 MP: 6/6
  2654 | D:4      | Noticed Eustachio
  2659 | D:4      | Noticed an ogre
  2671 | D:4      | Killed Eustachio
  2672 | D:4      | Reached skill level 5 in Stealth
  2672 | D:4      | Gained mutation: Your magical nature lets you fly swiftly
                  | and evasively. [Tengu growth]
  2672 | D:4      | Reached XP level 5. HP: 30/32 MP: 7/9
  2672 | D:4      | Reached XP level 6. HP: 34/37 MP: 7/10
  2966 | D:4      | Found a staircase to the Ecumenical Temple.
  2973 | Temple   | Entered the Ecumenical Temple
  3014 | Temple   | Became a worshipper of Ashenzari the Shackled
  3038 | D:4      | Noticed Blork the orc
  3220 | D:4      | Killed Blork the orc
  3469 | D:4      | Found Rurghik's Antique Armour Boutique.
  3576 | D:4      | Reached XP level 7. HP: 40/42 MP: 12/12
  4150 | D:4      | Reached skill level 6 in Stealth
  4291 | D:4      | Reached XP level 8. HP: 48/48 MP: 14/14
  4378 | D:4      | Reached skill level 5 in Dodging
  4868 | D:4      | Reached skill level 5 in Fighting
  5269 | D:5      | Entered Level 5 of the Dungeon
  5417 | D:5      | Found a runed translucent door.
  5417 | D:5      | Noticed domi's ghost (novice DsWz)
  5880 | D:5      | Found a white marble altar of Elyvilon.
  5905 | D:5      | Noticed Ijyb
  5919 | D:5      | Killed Ijyb
  6272 | D:5      | Reached skill level 7 in Stealth
  7043 | D:5      | Reached XP level 9. HP: 55/55 MP: 17/17
  7135 | D:6      | Reached skill level 5 in Spellcasting
  7641 | D:6      | Found Zuxiqyf's Book Emporium.
  8503 | D:7      | Reached skill level 8 in Stealth
  8536 | D:7      | You are sucked into a shaft and drop 3 floors!
  8536 | D:10     | Entered Level 10 of the Dungeon
  8614 | D:10     | Found a portal to a secret trove of treasure.
  8614 | D:10     | Noticed a guardian mummy
  8650 | D:10     | Noticed Psyche
  8766 | D:10     | Reached skill level 1 in Armour
  8766 | D:10     | Reached skill level 1 in Poison Magic
  8798 | D:9      | Slain by a vampire

Illustrated notes

Levels and vault maps discovered:
D:1:      psy_arrival_conway, layout_loops_ring
D:2:      cheibrodos_fertilizer, layout_rooms,
          hellmonk_ecumenical_altar_inner_sanctum, minmay_misc_feat_hallway,
          lightli_corner_chamber
D:3:      layout_basic, uniq_natasha
D:4:      lemuel_castle_with_subvaults [lemuel_castle_interior_carwin_1],
          layout_cave_pools, minmay_temple_entry_gardened_gates, serial_shops,
          shop, uniq_blork_the_orc, uniq_eustachio
D:5:      layout_basic, nicolae_elyvilon_temple_path,
          hellmonk_ghost_happy_afterlife, uniq_ijyb
D:6:      layout_cave_pools, serial_shops, shop, kennysheep_generic_room_10
D:7:      hellmonk_crumbling_castle, layout_cave_pools, nicolae_lava_and_water
D:9:      layout_rooms, lair_entry_dummy, orc_0_dummy, glass_columns_a
D:10:     layout_irregular_city, nicolae_trove_entry_path_of_doom, uniq_psyche,
          uniq_amaemon
Temple:   dpeg_three_leaves_temple

Skill      XL: |  1  2  3  4  5  6  7  8  9 |
---------------+----------------------------+-----
Spellcasting   | 1 2 3 4 5 |  5.8
Dodging        | 2 3 4 6 7 |  7.0
Fighting       | 3 4 5 6 |  6.7
Stealth        | 5 6 7 8 |  8.2
Armour         | 1 |  1.3
Poison Magic   | 1 |  1.3
Short Blades   | |  2.1
Throwing       | |  2.0
Transmutations | |  0.9

Action                   |  1- 3 |  4- 6 |  7- 9 || total
-------------------------+-------+-------+-------++-------
Melee: Dagger            |    92 |   104 |   371 ||   567
       Kick              |    20 |    27 |   120 ||   167
       Peck              |     9 |    16 |    79 ||   104
       Punch             |       |       |     5 ||     5
Throw: Dart              |       |    27 |    54 ||    81
Invok: Curse Item        |       |       |     1 ||     1
Evoke: Wand              |       |       |     5 ||     5
  Use: Potion            |       |     2 |     1 ||     3
       Scroll            |       |       |     9 ||     9
 Stab: Sleeping          |     2 |     1 |    10 ||    13
       Distracted        |       |     1 |       ||     1
Armor: Ring mail         |    52 |    38 |    95 ||   185
       Robe              |     1 |       |       ||     1
Dodge: Dodged            |    63 |    64 |   261 ||   388

Table legend: (Time is in decaauts)
 A = Elapsed time spent in this place.
 B = Non-inter-level travel time spent in this place.
 C = Inter-level travel time spent in this place.
 D = Time resting spent in this place.
 E = Time spent auto-exploring this place.
 F = Levels seen in this place.
 G = Mean time per level.
                   A        B        C        D        E       F      G
               +--------+--------+--------+--------+--------+-----+--------+
         Total |   8454 |   8240 |    214 |   2233 |   3335 |  10 |  845.4 |
       Dungeon |   8405 |   8203 |    202 |   2233 |   3315 |   9 |  933.9 |
        Temple |     49 |     38 |     11 |      0 |     20 |   1 |   49.0 |
               +--------+--------+--------+--------+--------+-----+--------+

Top non-repeatable levels by time:
     D:4: 2295 daAuts
     D:5: 1988 daAuts
     D:1: 1379 daAuts
     D:6: 1051 daAuts
     D:2: 1014 daAuts
     D:3: 389 daAuts
    D:10: 215 daAuts
  Temple: 49 daAuts
     D:7: 44 daAuts
     D:9: 27 daAuts
